 Dungeon Crawl Stone Soup version 0.31-a0-204-g7da18cac08 (webtiles) character file.

Game seed: 7885342658907153879

152 qw the Skirmisher (level 5, -2/29 HPs)
             Began as a Deep Elf Hunter on June 27, 2023.
             Slain by an orc warrior
             ... wielding a +0 flail
              (7 damage)
             ... on level 4 of the Dungeon.
             The game lasted 00:01:01 (2378 turns).

qw the Skirmisher (Deep Elf Hunter)                 Turns: 2378, Time: 00:01:02

Health: -2/29      AC:  5    Str: 10    XL:     5   Next: 11%
Magic:  7/7        EV: 11    Int: 14    God:
Gold:   147        SH:  0    Dex: 18    Spells: 4/4 levels left

rFire   . . .        Y - +1 shortbow (drain)
rCold   . . .        (shield currently unavailable)
rNeg    . . .        i - +0 ring mail
rPois   .            (no helmet)
rElec   .            (no cloak)
rCorr   +            (no gloves)
SInv    .            (no boots)
Will    .....        (no amulet)
Stlth   +            l - ring of resist corrosion
HPRegen 0.24/turn    (no ring)
MPRegen 0.10/turn

%: no passive effects
@: about to teleport
A: no striking features
a: no special abilities


You were on level 4 of the Dungeon.
You visited 1 branch of the dungeon, and saw 4 of its levels.

You collected 147 gold pieces.


   Skills:
 - Level 1.5 Fighting
 + Level 8.5 Ranged Weapons
 - Level 2.4 Dodging
 - Level 1.2 Stealth


You had 4 spell levels left.
You didn't know any spells.
Your spell library was empty.

Inventory:

Hand Weapons
 Y - a +1 shortbow of draining (weapon)
Armour
 i - a +0 ring mail (worn)
Jewellery
 l - a ring of resist corrosion (left hand)
Scrolls
 g - a scroll of identify
Potions
 d - a potion of cancellation {unknown}
 f - a potion of curing {unknown}
 h - a potion of enlightenment {unknown}
 k - 2 potions of haste
 m - a potion of invisibility {unknown}

Dungeon Overview and Level Annotations

Branches:
Dungeon (4/15)
 Temple: D:4-7

Altars:

Shops:
D:3 [


Message History

There is an open door here.
There is a stone staircase leading down here.
You climb downwards.
Found a scroll of teleportation and 4 stones.
There is a stone staircase leading up here.
Waypoint 3 assigned to D:4.
Found a stone staircase leading up.
Found an escape hatch in the ceiling.
a - a scroll of teleportation You open the door.
There is an open door here.
You open the door.
An orc warrior, an orc priest and an orc come into view.
Found a chain mail, a leather armour, a robe and a plate armour.
You shoot an arrow.
The arrow hits the orc warrior but does no damage.
The orc warrior shouts!
The orc priest shouts!
The orc shouts!
You hear a shout!
An orc comes into view. It is wielding a +0 mace.
You shoot an arrow. The arrow hits the orc warrior.
You drain the orc warrior.
The orc warrior is moderately wounded.
The orc priest mumbles some strange prayers to Beogh against you.
Beogh smites you!
You shoot an arrow.
The arrow barely misses the orc warrior.
You shoot an arrow. The arrow hits the orc warrior!
The orc warrior is severely wounded.
You shoot an arrow. The arrow hits the orc warrior.
The orc warrior is severely wounded.
The orc warrior hits you with a +0 flail!
The orc hits you with a +0 dagger.
You shoot an arrow.
The arrow barely misses the orc warrior.
The orc warrior hits you with a +0 flail!
The orc barely misses you.
2378 ||| READING scroll of teleportation.
As you read the scroll of teleportation, it crumbles to dust.
You feel strangely unstable.
The orc warrior hits you with a +0 flail!
You die... ####### .### ...[.# #...... [[..# ...<....# ..[# ....<...# oo#

........######o#
........##.'.o@#
...........#####
...........#
...........#
....(......#
...........#####
........<.......
##+###+########.


You could see an orc warrior (drained), an orc priest and 2 orcs.

Vanquished Creatures
  A hound (D:3)
  2 adders (D:3)
  3 worms
  3 dart slugs
  6 orcs (D:3)
  6 bats
  8 endoplasms
  A giant cockroach (D:1)
  9 goblins
  9 hobgoblins
  4 jackals (D:3)
  5 kobolds
  8 quokkas
  5 ball pythons
  A frilled lizard (D:1)
  5 rats
76 creatures vanquished.

Notes
Turn   | Place    | Note
-------+----------+-------------------------------------------
     0 | D:1      | qw the Deep Elf Hunter began the quest for the Orb.
     0 | D:1      | Reached XP level 1. HP: 12/12 MP: 3/3
     0 | D:1      | 0 ||| qw: Version: 0.3-a-22-g0ed2b0b
     0 | D:1      | 0 ||| qw: Game counter: 6385
     0 | D:1      | 0 ||| qw: Melee chars always use a shield: true
     0 | D:1      | 0 ||| qw: God list: Okawaru
     0 | D:1      | 0 ||| qw: Allow faded altars: false
     0 | D:1      | 0 ||| qw: Do Orc after clearing Dungeon:15 true
     0 | D:1      | 0 ||| qw: Do second Lair branch before Depths: true
     0 | D:1      | 0 ||| qw: Lair rune preference: random
     0 | D:1      | 0 ||| qw: Goals: Normal
     0 | D:1      | 0 ||| PLANNING D:1-11
   120 | D:1      | Reached XP level 2. HP: 16/16 MP: 4/4
   127 | D:1      | Reached skill level 6 in Ranged Weapons
   169 | D:1      | 169 ||| FLEEEEING.
   170 | D:1      | 170 ||| FLEEEEING.
   243 | D:1      | Reached XP level 3. HP: 20/20 MP: 5/5
   640 | D:1      | 640 ||| UPGRADING to +0 ring mail.
   650 | D:1      | 650 ||| DROPPING +0 leather armour.
   651 | D:1      | 651 ||| UPGRADING to ring of resist corrosion.
   652 | D:1      | 652 ||| READING scroll labelled TANUTO UVVOI.
   653 | D:1      | 653 ||| READING scroll labelled RUIBAI KARI.
   654 | D:1      | 654 ||| READING scroll labelled FIYCAH MYLIUQI.
   655 | D:1      | 655 ||| READING scroll labelled CEYCYT MOAF.
   656 | D:1      | 656 ||| DRINKING 2 murky dark potions.
   687 | D:1      | 687 ||| DRINKING 2 sedimented cyan potions.
   688 | D:1      | 688 ||| DROPPING scroll of butterflies.
   689 | D:1      | 689 ||| DROPPING potion of lignification.
   778 | D:2      | Reached skill level 7 in Ranged Weapons
   894 | D:2      | 894 ||| READING scroll labelled VUOQIE VINYL.
  1153 | D:2      | 1153 ||| FLEEEEING.
  1306 | D:2      | 1306 ||| READING scroll labelled YDDAMU OGOG.
  1311 | D:2      | 1311 ||| READING scroll labelled YMIKOP QIDWAN.
  1312 | D:2      | 1312 ||| READING scroll labelled JENUATSEW.
  1313 | D:2      | 1313 ||| READING scroll labelled JOXTET ZYFIE.
  1435 | D:3      | Reached XP level 4. HP: 25/25 MP: 6/6
  1638 | D:3      | 1638 ||| FLEEEEING.
  1639 | D:3      | 1639 ||| FLEEEEING.
  1640 | D:3      | 1640 ||| FLEEEEING.
  1641 | D:3      | 1641 ||| FLEEEEING.
  1642 | D:3      | 1642 ||| FLEEEEING.
  1643 | D:3      | 1643 ||| FLEEEEING.
  1644 | D:3      | 1644 ||| FLEEEEING.
  1645 | D:3      | 1645 ||| FLEEEEING.
  1835 | D:3      | Found Xydub's Antique Armour Boutique.
  1843 | D:3      | 1843 ||| SHOPLISTING pair of runed boots (195 gold, have
                  | 147).
  2040 | D:3      | Reached skill level 8 in Ranged Weapons
  2076 | D:3      | Reached XP level 5. HP: 29/29 MP: 7/7
  2332 | D:3      | 2332 ||| DROPPING ring of wizardry.
  2333 | D:3      | 2333 ||| READING scroll labelled EBOMATROOMU.
  2334 | D:3      | 2334 ||| READING scroll labelled BOESMU XIFISAH.
  2335 | D:3      | 2335 ||| READING scroll labelled INAUDEZXACVU.
  2371 | D:4      | Noticed an orc warrior
  2377 | D:4      | HP: 4/29 [orc warrior/+0 flail (7)]
  2378 | D:4      | 2378 ||| READING scroll of teleportation.
  2378 | D:4      | Slain by an orc warrior

Levels and vault maps discovered:
D:1:      ncdulo_smallfort, layout_basic, st_stairs_11
D:2:      layout_basic, serial_bayou_pond_c, fountainhead
D:3:      layout_basic, serial_shops, shop, minmay_misc_feat_four_crosses
D:4:      layout_basic, minmay_temple_entry_offerings, gammafunk_ghost_arena,
          nicolae_nh_ransacked_shop

Skill      XL: |  1  2  3  4 |
---------------+-------------+-----
Ranged Weapons | 6 7 8 |  8.5
Fighting       | |  1.5
Dodging        | |  2.4
Stealth        | |  1.2

Action                     |  1- 3 |  4- 6 || total
---------------------------+-------+-------++-------
   Fire: Shortbow          |   118 |    88 ||   206
    Use: Scroll            |     9 |     4 ||    13
         Potion            |     2 |       ||     2
 Armour: Ring mail         |     3 |    33 ||    36
         Leather armour    |     3 |       ||     3
  Dodge: Dodged            |    17 |    35 ||    52

Table legend:
 A = Non-vault XP
 B = Vault XP
 C = Vault XP percentage of total XP
 D = Non-vault monster count
 E = Vault monster count
 F = Vault count percentage of total count
                 A         B        C        D         E       F
            +---------+---------+-------+---------+---------+-------
      Total |     212 |       6 |   2.8 |      73 |       3 |   3.9
            +---------+---------+-------+---------+---------+-------
        D:1 |      54 |       6 |  10.0 |      30 |       3 |   9.1
        D:2 |      33 |       0 |   0.0 |      15 |       0 |   0.0
        D:3 |     125 |       0 |   0.0 |      28 |       0 |   0.0
            +---------+---------+-------+---------+---------+-------
